 Dungeon Crawl Stone Soup version 0.20-b1-14-g8425815 (webtiles) character file.

58065 Hook the Bludgeoner (level 14, -1/92 HPs)
             Began as a Gargoyle Fighter on May 23, 2017.
             Was a High Priest of the Shining One.
             Incinerated by Nordron's ghost (5 damage)
             ... with a sticky flame
             ... on level 6 of the Lair of Beasts.
             The game lasted 01:20:07 (23145 turns).

Hook the Bludgeoner (Gargoyle Fighter)             Turns: 23145, Time: 01:20:08

Health: -1/92      AC: 50    Str: 25    XL:     14   Next: 88%
Magic:  0/6        EV:  7    Int: 10    God:    the Shining One [*****.]
Gold:   1373       SH: 29    Dex: 14    Spells: 13/13 levels left

rFire    . . .     SeeInvis .   n - +1 morningstar (crush)
rCold    . . .     Gourm    .   Z - +2 large shield
rNeg     + + +     Faith    .   I - +15 Maxwell's patent armour {-Cast -Tele rElec MR+ rCorr}
rPois    ∞         Spirit   +   m - +2 hat
rElec    +         Reflect  .   x - scarf {cloud immunity}
rCorr    +         Harm     .   O - +1 pair of gloves {Dex+3}
MR       +++..     NoTele   +   M - +2 pair of boots Stlth ..........NoCast +
                                t - amulet of the Spinneret {Spirit +Blink MP-9 Str+3}
Regen    0.3/turn               P - +3 ring of protection
MPRegen  0.1/turn               s - ring of protection from magic

@: liquid flames, divine shield, flying, glowing
A: big wings, negative energy resistance 1, electricity resistance, unbreathing,
petrification resistance, rot immunity, AC +9
a: Stop Flying, Divine Shield, Cleansing Flame, Summon Divine Warrior, Renounce
Religion, Evoke Blink


You were on level 6 of the Lair of Beasts.
You worshipped the Shining One.
The Shining One was extremely pleased with you.
You were not hungry.

You visited 4 branches of the dungeon, and saw 22 of its levels.
You also visited: Ossuary and Ice Cave.

You collected 2093 gold pieces.
You spent 720 gold pieces at shops.

Inventory:

Hand Weapons
 n - a +1 morningstar of crushing (weapon)
 q - a +4 great mace of holy wrath
Missiles
 C - 3 tomahawks (quivered)
Armour
 m - a +2 hat (worn)
 x - a scarf of cloud immunity (worn)
 I - the +15 Maxwell's patent armour (worn) {-Cast -Tele rElec MR+ rCorr}
   (You found it on level 6 of the Dungeon)

   It insulates you from electricity.
   It affects your resistance to hostile enchantments.
   It prevents spellcasting.
   It prevents most forms of teleportation.
   It protects you from acid and corrosion.
 M - a +2 pair of boots (worn)
 O - a +1 pair of gloves of dexterity (worn)
 Z - a +2 large shield (worn)
Jewellery
 s - a ring of protection from magic (right hand)
 t - the amulet of the Spinneret (around neck) {Spirit +Blink MP-9 Str+3}
   (You acquired it on level 1 of the Orcish Mines)

   [amulet of guardian spirit]

   It causes incoming damage to be split between your health and magic.
   It affects your strength (+3).
   It affects your magic capacity (-9).
   It lets you blink.
 F - an uncursed ring of protection from cold
 P - a +3 ring of protection (left hand)
Wands
 a - a wand of enslavement (16/24)
 c - a wand of lightning (7/15)
 T - a wand of paralysis (5/24)
Scrolls
 u - 3 scrolls of magic mapping
 z - a scroll of blinking
 A - 10 scrolls of teleportation
 E - 5 scrolls of recharging
 H - 7 scrolls of remove curse
 J - 2 scrolls of amnesia
 K - 2 scrolls of fear
 L - a scroll of enchant weapon {unknown}
 X - 4 scrolls of identify
Potions
 b - 2 potions of degeneration {unknown}
 l - 3 potions of cancellation {unknown}
 o - 4 potions of mutation {unknown}
 r - 15 potions of curing
 v - a potion of heal wounds
 y - a potion of brilliance {unknown}
 D - 3 potions of berserk rage {unknown}
 G - 2 potions of agility
 N - 3 potions of resistance {unknown}
 R - a potion of haste
 W - 2 potions of magic
Books
 h - Famo's Collected Works on Unstable Combat Magic
   (You found it in an ice cave)

   Spells                             Type                      Level
   a - Flame Tongue                   Conjuration/Fire             1
   b - Shock                          Conjuration/Air              1
   c - Irradiate                      Conjuration/Transmutation    5
 S - Metoinef's Introduction to Witchery
   (You found it on level 11 of the Dungeon)

   Spells                             Type                      Level
   a - Shock                          Conjuration/Air              1
   b - Confusing Touch                Hexes                        1
   c - Freeze                         Ice                          1
   d - Summon Butterflies             Summoning                    1
   e - Beastly Appendage              Transmutation                1
Miscellaneous
 d - a lamp of fire
Comestibles
 f - 11 bread rations
 j - 3 royal jellies
 p - 30 fruits
 V - 2 meat rations


   Skills:
 * Level 12.2 Fighting
 * Level 15.6 Maces & Flails
 + Level 3.6 Throwing
 * Level 10.9 Armour
 * Level 3.7 Dodging
 - Level 0.8 Stealth
 * Level 13.6 Shields
 * Level 2.0 Invocations


You had 13 spell levels left.
You didn't know any spells.

Dungeon Overview and Level Annotations

Branches:
Dungeon (13/15)            Temple (1/1) D:5            Lair (6/6) D:11
  Swamp (0/4) Lair:2        Snake (0/4) Lair:2          Orc (2/2) D:12
  Slime: Lair:5-6       Elf: Orc:2       Vaults: D:13-14

Altars:
Ashenzari
Cheibriados
Dithmenos
Elyvilon
Fedhas
Gozag
Hepliaklqana
Kikubaaqudgha
Makhleb
Nemelex Xobeh
Okawaru
Qazlal
Ru
Sif Muna
Trog
Uskayaw
Vehumet
Xom
Yredelemnul
The Shining One

Shops:
D:5 %   D:13 }   Orc:1 *   Orc:2 :(

Annotations:
D:2 Sigmund
D:8 happinesssam's ghost, novice BaFi
Lair:5 exclusion: 4 oklob plants


Innate Abilities, Weirdness & Mutations

You are resistant to torment.
Your stone body is resilient. (AC +9)
You are immune to poison.
Your large and strong wings let you fly indefinitely.
You resist negative energy. (rN+)
You are resistant to electric shocks. (rElec)
You can survive without breathing.
You are immune to petrification.
You are immune to rotting.


Message History

Nordron's ghost is almost destroyed.
You are covered in liquid flames!
* * * LOW HITPOINT WARNING * * *
Nordron's ghost casts a spell at you. The flame tongue hits you!
You closely miss Nordron's ghost.
Nordron's ghost is almost destroyed.
You are covered in liquid flames!
* * * LOW HITPOINT WARNING * * *
You block Nordron's ghost's attack.
You sock Nordron's ghost!
You destroy Nordron's ghost!
The Shining One accepts your kill.
Your Invocations skill increases to level 2!
You are covered in liquid flames!
* * * LOW HITPOINT WARNING * * *
You are covered in liquid flames!
* * * LOW HITPOINT WARNING * * *
You are covered in liquid flames!
You die...

...........#.#.
............#...
.......P..<.....
......PP......P.
..............##
...............##..
..............##...
.......@.....#....!.
..P..........#.......
........P....PP......
#..##....†P..P.......
.....#....P..........
.........#.(.††...#.P....
..................PP.....
##.......<......PP†......
P#........##..............


There were no monsters in sight!

Vanquished Creatures
  Gastronok (D:9)
  2 orc warlords
  A white draconian (IceCv)
  The ghost of Nordron the Destroyer, a journeyman TeFE of Vehumet (Lair:6)
  Snorg (Orc:1)
  An ettin (Orc:1)
  Harold (Orc:1)
  3 hydras
  Fannar (Orc:1)
  2 death yaks (IceCv)
  A two-headed ogre (D:11)
  A tengu warrior (D:11)
  An orc high priest (D:12)
  3 orc knights (Orc:1)
  An orc sorcerer (Orc:2)
  2 cyclopes
  A wolf spider (Lair:6)
  2 ugly things
  4 black mambas (Lair:6)
  An ice statue (IceCv)
  Joseph (D:7)
  A guardian serpent (Lair:6)
  A centaur skeleton (D:10)
  15 spiny frogs
  A gargoyle (D:11)
  3 rime drakes
  8 komodo dragons
  A kobold demonologist (D:11)
  14 polar bears
  Prince Ribbit (D:7)
  3 trolls
  13 blink frogs
  7 hippogriffs
  A redback (Lair:6)
  41 yaks
  A vampire (D:13)
  2 wyverns (Lair:6)
  7 basilisks
  2 hungry ghosts
  6 wargs
  2 nagas (Lair:2)
  14 water moccasins
  An acid dragon (D:12)
  10 porcupines
  22 orc warriors
  2 ice beasts
  4 sky beasts
  4 black bears
  Purgy (D:3)
  9 ogres
  21 wolves
  11 crocodiles
  13 centaurs
  18 bullfrogs
  A big kobold (D:8)
  A water moccasin zombie (D:10)
  7 scorpions
  9 wights
  3 killer bees (D:8)
  2 howler monkeys
  2 electric eels
  12 crimson imps
  A lava snake (Lair:5)
  A human zombie (Ossuary)
  13 orc priests
  Crazy Yiuf (D:6)
  3 hounds
  4 jellies
  A gnoll shaman (D:4)
  2 bullfrog skeletons
  23 orc wizards
  Terence (D:3)
  5 iguanas
  8 worker ants
  2 big kobold zombies (Ossuary)
  A hound zombie (Ossuary)
  The ghost of miragecloak the Insei, a weakling OpTm (D:3)
  2 hound skeletons
  5 mummies
  A worker ant zombie (D:7)
  11 adders
  8 gnolls
  8 river rats (D:5)
  3 shadow imps
  2 oozes
  3 adder zombies
  2 adder skeletons
  4 dart slugs
  5 leopard geckos
  62 orcs
  3 bats
  5 giant cockroaches
  A goblin (D:1)
  6 hobgoblins
  10 jackals
  6 quokkas
  2 ball pythons
  A frilled lizard (D:3)
  A gnoll zombie (Ossuary)
  A goblin zombie (Ossuary)
  3 jackal zombies
  14 kobolds
  A kobold zombie (Ossuary)
  A leopard gecko zombie (D:8)
  An orc zombie (Ossuary)
  A quokka zombie (D:8)
  20 rats
  A fungus (Orc:2)
  A plant (Lair:2)
591 creatures vanquished.

Vanquished Creatures (others)
  2 polar bears (IceCv)
  A yak (IceCv)
  An orc (Orc:1)
  11 fungi
  7 plants
22 creatures vanquished.

Grand Total: 613 creatures vanquished

Notes
Turn   | Place    | Note
-------+----------+-------------------------------------------
     0 | D:1      | Hook the Gargoyle Fighter began the quest for the Orb.
     0 | D:1      | Reached XP level 1. HP: 14/14 MP: 1/1
   232 | D:1      | Reached XP level 2. HP: 19/19 MP: 2/2
   423 | D:1      | Reached XP level 3. HP: 18/23 MP: 3/3
  1340 | D:2      | Found a sacrificial altar of Ru.
  1413 | D:2      | Reached skill level 3 in Maces & Flails
  1413 | D:2      | Reached XP level 4. HP: 24/28 MP: 4/4
  1475 | D:2      | Found a deep blue altar of Sif Muna.
  1475 | D:2      | Found a shattered altar of Ashenzari.
  1475 | D:2      | Noticed Sigmund
  1787 | D:3      | Noticed Purgy
  1802 | D:3      | Killed Purgy
  1802 | D:3      | Reached XP level 5. HP: 29/33 MP: 5/5
  1847 | D:3      | Noticed Terence
  1857 | D:3      | Killed Terence
  2038 | D:3      | Noticed miragecloak's ghost (weakling OpTm)
  2071 | D:3      | Killed miragecloak's ghost
  2071 | D:3      | Reached skill level 1 in Dodging
  2336 | D:3      | Reached XP level 6. HP: 36/38 MP: 6/6
  2764 | D:4      | Reached skill level 5 in Shields
  2898 | D:4      | Reached skill level 4 in Maces & Flails
  3212 | D:4      | Reached XP level 7. HP: 44/44 MP: 7/7
  3300 | D:4      | Found a sand-covered staircase.
  3308 | Ossuary  | Entered an ossuary
  4165 | D:5      | Entered Level 5 of the Dungeon
  4203 | D:4      | Reached skill level 5 in Maces & Flails
  4318 | D:5      | Noticed a hippogriff
  4351 | D:5      | Killed a hippogriff
  4351 | D:5      | Reached XP level 8. HP: 18/48 MP: 8/8
  4366 | D:5      | Reached skill level 5 in Fighting
  4366 | D:5      | Reached skill level 1 in Throwing
  4622 | D:5      | Found an opulent altar of Gozag.
  4649 | D:5      | Found Xegech's Food Shoppe.
  4960 | D:5      | Reached skill level 6 in Maces & Flails
  5250 | D:5      | Found a staircase to the Ecumenical Temple.
  5277 | Temple   | Entered the Ecumenical Temple
  5387 | Temple   | Became a worshipper of the Shining One
  5970 | D:6      | Reached skill level 5 in Armour
  6151 | D:6      | Found a runed door.
  6737 | D:6      | Noticed Crazy Yiuf
  6744 | D:6      | Killed Crazy Yiuf
  6949 | D:7      | Noticed Joseph
  6978 | D:7      | Killed Joseph
  6978 | D:7      | Reached skill level 7 in Maces & Flails
  6978 | D:7      | Reached XP level 9. HP: 39/55 MP: 9/9
  7090 | D:7      | Reached * piety under the Shining One
  7319 | D:7      | Noticed Prince Ribbit
  7427 | D:7      | Killed Prince Ribbit
  7703 | D:7      | Reached skill level 8 in Maces & Flails
  8402 | D:8      | Noticed happinesssam's ghost (novice BaFi)
  8557 | D:8      | Reached XP level 10. HP: 57/61 MP: 10/10
  8675 | D:8      | Reached ** piety under the Shining One
  8699 | D:8      | Reached skill level 9 in Maces & Flails
  8864 | D:9      | Noticed Gastronok
  8882 | D:9      | Killed Gastronok
  8882 | D:9      | Reached skill level 10 in Maces & Flails
  9141 | D:9      | Found a blossoming altar of Fedhas.
  9495 | D:10     | Entered Level 10 of the Dungeon
  9782 | D:10     | Reached XP level 11. HP: 59/68 MP: 11/11
 10174 | D:10     | Found an opulent altar of Gozag.
 10192 | D:10     | Reached *** piety under the Shining One
 10265 | D:10     | Reached skill level 11 in Maces & Flails
 10718 | D:11     | Noticed a two-headed ogre
 10776 | D:11     | Killed a two-headed ogre
 10776 | D:11     | Reached skill level 10 in Shields
 10922 | D:11     | Found a staircase to the Lair.
 10943 | D:11     | Identified Metoinef's Introduction to Witchery
 11659 | D:11     | Reached **** piety under the Shining One
 11806 | D:11     | Reached skill level 12 in Maces & Flails
 11991 | D:11     | Noticed a cyclops
 12021 | D:11     | Killed a cyclops
 12075 | D:11     | Noticed a cyan ugly thing
 12109 | D:11     | Killed a cyan ugly thing
 12244 | D:11     | Noticed a tengu warrior
 12263 | D:11     | Killed a tengu warrior
 12263 | D:11     | Reached XP level 12. HP: 76/76 MP: 9/12
 12864 | D:12     | Found a staircase to the Orcish Mines.
 13560 | Orc:1    | Entered Level 1 of the Orcish Mines
 13560 | Orc:1    | Noticed an orc warlord
 14076 | D:13     | Found Haenemih's Gadget Emporium.
 14079 | D:13     | Bought a lamp of fire for 720 gold pieces
 14193 | D:12     | Killed an orc warlord
 14193 | D:12     | Reached skill level 13 in Maces & Flails
 14298 | Orc:1    | Noticed an orc high priest
 14313 | Orc:1    | Noticed Fannar
 14322 | D:12     | Killed an orc high priest
 14764 | Orc:1    | Killed Fannar
 14764 | Orc:1    | Reached skill level 10 in Fighting
 14815 | Orc:1    | Found Bipoqink's Assorted Antiques.
 14820 | Orc:1    | Noticed Snorg
 14836 | Orc:1    | Killed Snorg
 15187 | Orc:1    | Noticed Harold
 15201 | Orc:1    | Killed Harold
 15476 | Orc:2    | Entered Level 2 of the Orcish Mines
 15541 | Orc:2    | Reached XP level 13. HP: 80/82 MP: 13/13
 15581 | Orc:2    | Found Tazxo's Book Boutique.
 15704 | Orc:2    | Noticed an orc warlord
 15736 | Orc:1    | Killed an orc warlord
 15736 | Orc:1    | Reached skill level 14 in Maces & Flails
 16097 | Orc:1    | Identified 4 scrolls of acquirement
 16100 | Orc:1    | Got a steaming ivory amulet
 16101 | Orc:1    | Identified the amulet "Derad" {RegenMP rC+ Stlth+} (You acquired it on level 1 of the Orcish Mines)
 16128 | Orc:1    | Got a glittering amethyst amulet
 16130 | Orc:1    | Identified the amulet of the Spinneret {Spirit +Blink MP-9 Str+3} (You acquired it on level 1 of the Orcish Mines)
 16449 | Orc:2    | Found Mocaest's Antique Weapon Shoppe.
 16479 | Orc:1    | Noticed an ettin
 16540 | Orc:1    | Killed an ettin
 17073 | Lair:1   | Entered Level 1 of the Lair of Beasts
 17811 | Lair:2   | Found a staircase to the Snake Pit.
 17985 | Lair:2   | Found a frozen archway.
 18036 | IceCv    | Entered an ice cave
 18052 | IceCv    | Reached skill level 10 in Armour
 18798 | IceCv    | Gained mutation: Your large and strong wings let you fly indefinitely. [Gargoyle growth]
 18798 | IceCv    | Reached XP level 14. HP: 86/90 MP: 2/14
 18973 | IceCv    | Reached ***** piety under the Shining One
 18973 | IceCv    | Noticed a white draconian
 19094 | IceCv    | Reached skill level 15 in Maces & Flails
 19288 | IceCv    | Killed a white draconian
 19395 | IceCv    | Identified Famo's Collected Works on Unstable Combat Magic
 19796 | Lair:2   | Found a staircase to the Swamp.
 21803 | Lair:4   | Reached skill level 1 in Invocations
 22671 | Lair:6   | Entered Level 6 of the Lair of Beasts
 23115 | Lair:6   | Noticed Nordron's ghost (journeyman TeFE)
 23143 | Lair:6   | Killed Nordron's ghost
 23144 | Lair:6   | HP: 4/92 [burnt (2)]
 23145 | Lair:6   | Incinerated by Nordron's ghost

Skill      XL: |  1  2  3  4  5  6  7  8  9 10 11 12 13 14 |
---------------+-------------------------------------------+-----
Maces & Flails | 3 4 5 7 8 10 12 13 14 15 | 15.6
Shields        | 4 5 7 8 9 10 11 12 13 | 13.6
Armour         | 4 5 6 7 8 9 10 | 10.9
Dodging        | 1 2 3 |  3.7
Fighting       | 4 5 6 7 9 10 11 12 | 12.2
Throwing       | 1 2 3 |  3.6
Invocations    | 2 |  2.0
Stealth        | |  0.8

Action                   |  1- 3 |  4- 6 |  7- 9 | 10-12 | 13-15 || total
-------------------------+-------+-------+-------+-------+-------++-------
Melee: Flail             |    89 |   250 |   617 |   909 |       ||  1865
       Great mace        |       |       |       |   111 |    38 ||   149
       Morningstar       |       |       |       |       |   781 ||   781
Throw: Throwing net      |     1 |     2 |       |     6 |       ||     9
       Stone             |       |    12 |    57 |   120 |       ||   189
       Tomahawk          |       |       |       |     9 |    63 ||    72
Invok: Divine Shield     |       |       |       |     5 |     5 ||    10
 Abil: Fly               |       |       |       |       |     2 ||     2
       Stop Flying       |       |       |       |       |     1 ||     1
Evoke: Wand              |       |       |       |     1 |       ||     1
       Lamp of fire      |       |       |       |     1 |       ||     1
  Use: Scroll            |     3 |     3 |     7 |     8 |    11 ||    32
       Potion            |       |       |     4 |     2 |     4 ||    10
  Eat: Chunk             |     2 |     6 |     3 |     8 |     9 ||    28
       Fruit             |       |       |     2 |     3 |    10 ||    15
       Meat ration       |       |       |     2 |     1 |     2 ||     5
       Bread ration      |       |       |     1 |     2 |       ||     3
       Royal jelly       |       |       |       |     3 |     1 ||     4
Armor: Scale mail        |    37 |    50 |       |       |       ||    87
       Troll leather arm |       |    52 |       |       |       ||    52
       Plate armour      |       |    93 |   600 |   533 |   397 ||  1623
       Skin              |       |       |       |       |     1 ||     1
Dodge: Dodged            |    33 |    89 |   154 |   198 |   154 ||   628
Block: Shield            |    50 |   191 |   400 |   432 |   267 ||  1340
       Other             |       |       |       |     2 |       ||     2
       Large shield      |       |       |       |       |   341 ||   341
